 Dungeon Crawl Stone Soup version 0.22-a0-425-g89d60a1 (webtiles) character file.

60 Veiltonx the Ruffian (level 3, 0/29 HPs)
             Began as a Draconian Transmuter on May 24, 2018.
             Slain by Sigmund
             ... wielding a +0 scythe
              (3 damage)
             ... on level 2 of the Dungeon.
             The game lasted 00:03:48 (2031 turns).

Veiltonx the Ruffian (Draconian Transmuter)         Turns: 2031, Time: 00:03:49

Health: 0/29       AC:  5    Str: 12    XL:     3   Next: 80%
Magic:  6/6        EV: 12    Int: 14    God:
Gold:   71         SH:  0    Dex: 11    Spells: 6/7 levels left

rFire    . . .     SeeInvis .     - Unarmed
rCold    . . .     Gourm    .   (no shield)
rNeg     . . .     Faith    .   (armour unavailable)
rPois    .         Spirit   .   (helmet restricted)
rElec    .         Reflect  .   (no cloak)
rCorr    .         Harm     .   (no gloves)
MR       .....                  (boots currently unavailable)
Stlth    +.........             (no amulet)
HPRegen  0.09/turn              (no ring)
MPRegen  0.10/turn              (no ring)

@: appendage (expiring)
A: unfitting armour, talons 3, cold-blooded, AC +5
a: End Transformation


You were on level 2 of the Dungeon.
You were not hungry.
You had grown temporary talons.
You visited 1 branch of the dungeon, and saw 2 of its levels.

You collected 71 gold pieces.

Inventory:

Missiles
 a - 42 arrows
Scrolls
 d - a scroll of amnesia {unknown}
 e - a scroll of remove curse {unknown}
 g - 2 scrolls of identify {unknown}
Potions
 b - 2 potions of flight {unknown}
 f - 2 potions of heal wounds {unknown}
Comestibles
 c - 4 rations


   Skills:
 - Level 2.0 Fighting
 - Level 2.1 Dodging
 + Level 3.4 Unarmed Combat
 + Level 2.5 Spellcasting
 + Level 2.6 Transmutations


You had 6 spell levels left.
You knew the following spells:

 Your Spells              Type           Power        Failure   Level  Hunger
a - Beastly Appendage     Tmut           #.....       8%          1    #......

Your spell library contained the following spells:

 Spells                   Type           Power        Failure   Level  Hunger
 Spider Form              Tmut/Pois      #.........   36%         3    ###....
 Blade Hands              Tmut           #.........   91%         5    ######.
 Ice Form                 Ice/Tmut       #.......     78%         4    #####..
 Sticks to Snakes         Tmut           #.......     12%         2    ###....


Dungeon Overview and Level Annotations

Branches:
Dungeon (2/15)

Altars:

Annotations:
D:2 Sigmund


Innate Abilities, Weirdness & Mutations

Your plain brown scales are hard. (AC +5)
You cannot fit into any form of body armour.
You are cold-blooded and may be slowed by cold attacks.
You have claws for feet.


Message History

Sigmund barely misses you.
You hit Sigmund but do no damage.
Sigmund is lightly wounded.
You hit Sigmund.
Sigmund is lightly wounded.
Sigmund points at you and mumbles some strange words.
The magic dart hits you!
You hit Sigmund. You claw Sigmund, but do no damage.
Sigmund is lightly wounded.
Sigmund hits you with a scythe.
You hit Sigmund. You punch Sigmund.
Sigmund is moderately wounded.
Sigmund gestures at you while chanting. The puff of flame hits you!
* * * LOW HITPOINT WARNING * * *
You closely miss Sigmund.
Sigmund is moderately wounded.
Your transformation is almost over.
Sigmund hits you with a scythe.
You die...

#.........#'#.##.#.#...........##
#....#####....##.#.#.............
#....'...'....##.#.#...........##
#....#####....##.#............)..
#.###...###'#.##.########.####.##
#.###...#####.##.# #........
#...'...÷.....##.# ##..##.##
#####...########.# #..#.... #...#
#@# ##.#..#. #...# #@# #....#÷
#...# #K# #...... #...# #b#
#..#.#. #...# .l. #...<.. #####
..... ##...## #.....# #.....
#.....# #...## #.....# #...


You could see Sigmund, a bat, a kobold and a frilled lizard.

Vanquished Creatures
  An adder (D:2)
  2 worms (D:2)
  2 leopard geckos (D:1)
  A giant cockroach (D:1)
  4 goblins
  10 hobgoblins
  2 quokkas (D:2)
  2 ball pythons
  5 bats
  2 frilled lizards (D:1)
  7 kobolds
  4 rats (D:1)
42 creatures vanquished.

Notes
Turn   | Place    | Note
-------+----------+-------------------------------------------
     0 | D:1      | Veiltonx the Draconian Transmuter began the quest for the Orb.
     0 | D:1      | Reached XP level 1. HP: 16/16 MP: 3/3
   425 | D:1      | Reached XP level 2. HP: 21/23 MP: 3/5
   848 | D:1      | Reached XP level 3. HP: 9/29 MP: 6/6
  2017 | D:2      | Noticed Sigmund
  2031 | D:2      | Slain by Sigmund

Vault maps used:
D:1:      eino_arrival_water_star, minmay_misc_feat_encased, minivault_11,
          skrybe_limestone_x
D:2:      nemelex_xobeh_ov_fountains_minmay, lemuel_another_geyser, uniq_sigmund

Skill      XL: |  1  2  3 |
---------------+----------+-----
Dodging        | 2 |  2.1
Fighting       | 2 |  2.0
Unarmed Combat | |  3.4
Spellcasting   | |  2.5
Transmutations | |  2.6

Action                   || total
-------------------------++-------
Melee: Unarmed           ||   146
       Tailslap          ||    10
       Kick              ||    18
       Headbutt          ||     8
       Punch             ||     3
 Cast: Beastly Appendage ||    24
  Use: Potion            ||     2
  Eat: Chunk             ||     4
Armor: Skin              ||    39
Dodge: Dodged            ||    81

Table legend:
 A = Spawn XP
 B = Non-spawn XP
 C = Spawn XP percentage of total XP
 D = Spawn monster count
 E = Non-spawn monster count
 F = Spawn count percentage of total count
 G = Total turns spent on level
                    A         B        C        D         E        F      G
               +---------+---------+-------+---------+---------+-------+---------
         Total |       0 |      86 |   0.0 |       0 |      42 |   0.0 |  2031
               +---------+---------+-------+---------+---------+-------+---------
           D:1 |       0 |      43 |   0.0 |       0 |      27 |   0.0 |  1260
           D:2 |       0 |      43 |   0.0 |       0 |      15 |   0.0 |   771
               +---------+---------+-------+---------+---------+-------+---------
